 Dungeon Crawl Stone Soup version 0.31-a0-1074-g0b22e4e0f1 (webtiles) character file.

Game seed: 8024120879061848440

211 croobank the Ruffian (level 5, -1/36 HPs)
             Began as an Octopode Shapeshifter on Dec 7, 2023.
             Was a Priest of Ru.
             Slain by Pargi (8 damage)
             ... on level 3 of the Dungeon.
             The game lasted 00:04:39 (2677 turns).

croobank the Ruffian (Octopode Shapeshifter)        Turns: 2677, Time: 00:04:39

Health: -1/36      AC:  1    Str: 14    XL:     5   Next: 88%
Magic:  5/5        EV: 13    Int: 20    God:    Ru [***...]
Gold:   253        SH:  0    Dex: 11    Spells: 4/4 levels left

rFire   . .          .
                       - Unarmed
rCold   . . .        (helmet currently unavailable)
rNeg    . . .        (no amulet)
rPois   .            j - ring of resist corrosion
rElec   .            n - +6 ring of intelligence
rCorr   +            (no ring)
SInv    .            (no ring)
Will    .....        (no ring)
Stlth   ++           (no ring)
HPRegen 0.26/turn    (no ring)
MPRegen 0.09/turn

%: no passive effects
@: beast-form
A: beast (slay +2), almost no armour, amphibious, 7 rings, camouflage 1,
gelatinous body 1, missing a hand, (nimble swimmer 1), tentacles
a: Begin Untransformation, Renounce Religion, Draw Out Power


You were on level 3 of the Dungeon.
You worshipped Ru.
Ru was most pleased with you.
You were a hulking beast.
You visited 1 branch of the dungeon, and saw 3 of its levels.

You collected 253 gold pieces.

Inventory:

Hand Weapons
 l - a +0 short sword of draining
Missiles
 r - 5 javelins (quivered)
Jewellery
 j - a ring of resist corrosion (left tentacle)
 n - a +6 ring of intelligence (right tentacle)
Talismans
 b - a beast talisman
 c - a flux talisman
Scrolls
 g - a scroll of fear {unknown}
 h - a scroll of amnesia {unknown}
 i - a scroll of blinking {unknown}
 m - 2 scrolls of teleportation {unknown}
 s - a scroll of silence {unknown}
Potions
 a - 4 potions of lignification
 d - 4 potions of curing {unknown}
 e - a potion of attraction {unknown}
 f - a potion of invisibility {unknown}
 k - a potion of heal wounds {unknown}
 o - a potion of mutation {unknown}
 p - a potion of enlightenment {unknown}
 q - a potion of ambrosia {unknown}


   Skills:
 + Level 2.8 Fighting
 + Level 3.3 Dodging
 + Level 4.1 Unarmed Combat
 + Level 3.9 Shapeshifting


You had 4 spell levels left.
You didn't know any spells.
Your spell library contained the following spells:

 Spells                   Type           Power      Damage    Failure   Level
 Inner Flame              Hex/Fire       0%         N/A       50%         3
 Yara's Violent Unravell  Hex/Tmut       0%         3d3       99%         5
 Enfeeble                 Hex            0%         N/A       100%        7


Dungeon Overview and Level Annotations

Branches:
Dungeon (3/15)

Altars:
Nemelex Xobeh
Qazlal
Ru

Annotations:
D:3 Pargi


Innate Abilities, Weirdness & Mutations

You are a hulking beast.
Your limbs bulge with bestial killing power. (Slay +2)
You cannot wear most types of armour.
You are amphibious.
You can wear up to seven rings at the same time.
Your skin changes colour to match your surroundings (Stealth+).
Your rubbery body absorbs attacks. (AC +1, EV +1)
You are missing a hand.
((You are camouflaged when in or above water. (Stealth+)))
You have tentacles for arms and can constrict up to seven enemies at once.


Message History

Pargi the Meek comes into view.
Found an escape hatch in the floor.
Pargi is nearby!
Pargi is nearby!
A frilled lizard comes into view.
There is an escape hatch in the floor here.
The helpless Pargi fails to defend himself.
You tentacle-slap Pargi.
Pargi is lightly wounded.
You tentacle-slap Pargi. You squeeze Pargi.
Pargi is moderately wounded.
The frilled lizard hisses angrily.
Pargi bites you.
Pargi claws you. x2; The frilled lizard bites you.
You focus your inner power and illuminate the frilled lizard in retribution!
You barely miss Pargi.
Pargi is moderately wounded.
Pargi barely misses you. Pargi claws you. Pargi misses you.
The frilled lizard barely misses you.
You barely miss Pargi.
Pargi is moderately wounded.
The frilled lizard misses you. Pargi closely misses you. Pargi claws you.
Pargi claws you but does no damage.
You tentacle-slap Pargi.
Pargi is moderately wounded.
The frilled lizard barely misses you. Pargi closely misses you.
Pargi claws you. Pargi barely misses you.
You tentacle-slap Pargi.
Pargi is moderately wounded.
The frilled lizard barely misses you. Pargi misses you. Pargi claws you.
Pargi claws you but does no damage.
You bludgeon Pargi! Your squeeze misses Pargi.
Pargi is heavily wounded.
The frilled lizard closely misses you. Pargi bites you. Pargi claws you.
* * * LOW HITPOINT WARNING * * *
Pargi claws you.
* * * LOW HITPOINT WARNING * * *
You tentacle-slap Pargi.
Pargi is heavily wounded.
The frilled lizard closely misses you. Pargi bites you!
You die...

#.###................
#.# #######........>#
#.# ##........# #.#
##.....### #.#
##...## # ####.####
#.### #. #.......#
#.# .#### #.##.##.#
#+# ...# # #.##h#
#..# #.....lT#
#####.############
................#
####....#...##..# #
#....#...###.#
####....##..###.#
.†.....###......#
.).#...# ##.....#


You could see Pargi and a frilled lizard (corona).

Vanquished Creatures
  A black bear (D:3)
  3 gnolls (D:3)
  3 adders
  2 dart slugs (D:3)
  A worm (D:3)
  An orc (D:3)
  4 ball pythons
  6 endoplasms
  2 giant cockroaches
  3 goblins
  4 hobgoblins (D:2)
  A jackal (D:3)
  3 quokkas (D:1)
  A bat (D:1)
  3 frilled lizards
  7 kobolds
  9 rats
54 creatures vanquished.

Notes
Turn   | Place    | Note
-------+----------+-------------------------------------------
     0 | D:1      | croobank the Octopode Shapeshifter began the quest for the
                  | Orb.
     0 | D:1      | Reached XP level 1. HP: 13/13 MP: 1/1
   167 | D:1      | Reached XP level 2. HP: 18/18 MP: 2/2
   510 | D:1      | Found a faded altar of an unknown god.
   618 | D:1      | Prayed at the altar of an unknown god.
   618 | D:1      | Became a worshipper of Ru the Awakened
   632 | D:1      | Gained mutation: You are missing a hand. [Ru sacrifice]
   632 | D:1      | Reached * piety under Ru
   632 | D:1      | Reached ** piety under Ru
   632 | D:1      | Reached *** piety under Ru
   970 | D:2      | Reached XP level 3. HP: 15/23 MP: 3/3
  1175 | D:2      | You fall into a shaft and drop 1 floor!
  1283 | D:3      | Found a stormy altar of Qazlal.
  1296 | D:3      | Noticed a black bear
  1317 | D:3      | Killed a black bear
  1318 | D:3      | Reached XP level 4. HP: 9/30 MP: 4/4
  1318 | D:3      | Reached XP level 5. HP: 11/35 MP: 5/5
  1976 | D:2      | Reached skill level 4 in Unarmed Combat
  2439 | D:3      | Found a sparkling altar of Nemelex Xobeh.
  2667 | D:3      | Noticed Pargi
  2677 | D:3      | Slain by Pargi

Illustrated notes

Levels and vault maps discovered:
D:1:      dpeg_arrival_ratfight, layout_basic,
          hellmonk_ecumenical_altar_arch_garden, minmay_misc_feat_encased
D:2:      layout_basic, minmay_ruptured
D:3:      minmay_recursive_quarters, layout_loops_corners,
          nicolae_qazlal_general_emergency, old_standard_altar, uniq_pargi

Skill      XL: |  1  2  3  4  5 |
---------------+----------------+-----
Fighting       | 2 |  2.8
Dodging        | 3 |  3.3
Unarmed Combat | 4 |  4.1
Shapeshifting  | |  3.9

Action                     |  1- 3 |  4- 6 || total
---------------------------+-------+-------++-------
  Melee: Unarmed           |    58 |    51 ||   109
         Constrict         |    14 |    10 ||    24
         Tentacles         |    11 |     8 ||    19
 Invoke: Sacrifice a Hand  |     1 |       ||     1
   Stab: Sleeping          |     7 |     2 ||     9
 Armour: Skin              |    23 |    27 ||    50
  Dodge: Dodged            |    32 |    32 ||    64

Table legend: (Time is in decaauts)
 A = Elapsed time spent in this place.
 B = Non-inter-level travel time spent in this place.
 C = Inter-level travel time spent in this place.
 D = Time resting spent in this place.
 E = Time spent auto-exploring this place.
 F = Levels seen in this place.
 G = Mean time per level.
                   A        B        C        D        E       F      G
               +--------+--------+--------+--------+--------+-----+--------+
         Total |   2667 |   2559 |    108 |    221 |   1999 |   3 |  889.0 |
       Dungeon |   2667 |   2559 |    108 |    221 |   1999 |   3 |  889.0 |
               +--------+--------+--------+--------+--------+-----+--------+

Top non-repeatable levels by time:
     D:2: 1027 daAuts
     D:1: 934 daAuts
     D:3: 705 daAuts
